AoeStats
← Alexspiration

Nomad

509170044Analyzed
4v4 RM · 8d ago on Sep 25, 2026· 67m 44s· 8 players
Game mode
Random Map
Map size
231×231
Population
200
Speed
Normal
Resources
Standard
Victory
Conquest
Starting age
Dark Age
Ending age
Imperial Age
RankedLock teamsTeams togetherTeam positionsShared explorationLock speedFull tech treeHidden civsTurbo modeCheats
Victory
Defeat
🇩🇪 Malay · Germany
1496
+14
🇩🇪 Khmer · Germany
1452
+15
🇫🇷 Persians · France
1410
+17
🇨🇿 Japanese · Czechia
1406
+17
🇨🇿 Persians · Czechia
1500
-18
🇹🇼 Celts · Taiwan
1447
-16
🇦🇷 Koreans · Argentina
1428
-15
1388
-14
pawnsacrifice
4:20 Loom
14:04 Feudal Age
17:11 Castle Age
15:20 Double-Bit Axe
16:36 Gold Mining
18:32 Medium Warships
20:16 Town Watch
21:07 Bow Saw
24:03 Fishing Lines
24:48 Forging
26:05 Husbandry
27:16 Bloodlines
27:58 Horse Collar
28:46 Scale Barding Armor
29:55 Chain Barding Armor
32:12 Wheelbarrow
31:55 Fletching
32:41 Iron Casting
33:56 Heavy Plow
36:49 Imperial Age
35:10 Iron Casting
35:20 Hand Cart
37:20 Elite Battle Elephant
38:36 Conscription
38:29 Tusk Swords
39:20 Plate Barding Armor
41:03 Blast Furnace
39:53 Light Cavalry
43:39 Ballistics
44:20 Chemistry
43:26 Siege Engineers
43:32 Masonry
44:04 Bodkin Arrow
45:39 Coinage
44:44 Capped Ram
44:44 Heavy Scorpion
45:27 Bracer
45:29 Double Crossbow
45:38 Siege Ram
47:24 Murder Holes
47:52 Hussar
51:42 Banking
54:20 Elite Ballista Elephant
57:47 Hoardings
67:24 Crop Rotation
Rakosnik
3:52 Loom
13:53 Feudal Age
12:09 Loom
14:31 Fishing Lines
17:00 Double-Bit Axe
19:59 Castle Age
21:00 Castle Age
22:17 Bow Saw
24:52 Medium Warships
24:48 Squires
25:10 Gillnets
25:02 Pikeman
29:44 Wheelbarrow
31:08 Scale Mail Armor
37:43 Horse Collar
41:18 Imperial Age
39:04 Forging
40:56 Chain Mail Armor
41:46 Hand Cart
41:21 Elite Samurai
42:22 Conscription
41:37 Capped Ram
46:38 Gold Mining
46:26 Onager
48:50 Plate Mail Armor
54:21 Siege Engineers
54:19 Arson
54:21 Gambesons
56:02 Iron Casting
56:29 Chemistry
61:37 Blast Furnace
chinsa_yama
11:31 Loom
14:30 Feudal Age
18:52 Castle Age
18:42 Double-Bit Axe
39:19 Wheelbarrow
39:18 Horse Collar
42:31 Masonry
47:00 Imperial Age
45:20 Scale Barding Armor
46:35 Husbandry
46:45 Bloodlines
47:33 Chain Barding Armor
47:24 Forging
48:00 Cavalier
51:20 Iron Casting
51:21 Plate Barding Armor
51:17 Hand Cart
50:35 Cavalier
54:56 Blast Furnace
55:53 Bow Saw
55:47 Heavy Plow
55:14 Light Cavalry
56:43 Hussar
65:34 Conscription
65:58 Town Watch
66:56 Crop Rotation
66:22 Gold Mining
67:35 Two-Man Saw
Alexspiration
3:50 Loom
12:42 Feudal Age
16:33 Town Watch
19:34 Castle Age
18:02 Double-Bit Axe
19:49 Medium Warships
21:24 Town Patrol
22:48 Fletching
25:12 Bow Saw
24:47 Horse Collar
29:32 Wheelbarrow
31:13 Hand Cart
32:49 Hand Cart
33:37 Forging
34:10 Squires
33:55 Arson
39:21 Redemption
42:44 Imperial Age
41:21 Sanctity
41:35 Capped Ram
48:23 Bodkin Arrow
48:28 Padded Archer Armor
49:31 Bracer
48:58 Crossbowman
49:44 Thumb Ring
50:04 Arbalester
51:59 Chemistry
51:19 Ballistics
51:24 Conscription
51:39 Leather Archer Armor
54:08 Masonry
54:03 Siege Engineers
54:55 Heavy Plow
62:51 Gold Mining
62:51 Stone Mining
Advanced Micro Devices
9:23 Loom
12:16 Feudal Age
12:49 Town Watch
12:50 Double-Bit Axe
18:37 Castle Age
22:45 Bow Saw
23:27 Horse Collar
24:06 Scale Barding Armor
27:04 Wheelbarrow
29:49 Hand Cart
32:25 Fletching
32:42 Stone Mining
33:31 Gold Mining
35:54 Heavy Plow
37:01 Masonry
43:11 Imperial Age
41:21 Fortified Wall
42:54 Scale Mail Armor
42:39 Pikeman
43:19 Squires
44:16 Chain Mail Armor
45:07 Forging
45:34 Plate Mail Armor
55:33 Iron Casting
57:52 Halberdier
64:41 Two-Man Saw
64:53 Coinage
JINJIN
4:50 Loom
12:40 Feudal Age
20:59 Castle Age
19:32 Gold Mining
19:23 Horse Collar
21:54 Medium Warships
22:46 Double-Bit Axe
24:36 Wheelbarrow
28:01 Heavy Plow
28:12 Bow Saw
31:33 Stone Mining
32:02 Hand Cart
37:46 Imperial Age
35:52 Gold Shaft Mining
37:13 Pikeman
38:39 Furor Celtica
37:50 Heavy Scorpion
39:18 Halberdier
39:24 Capped Ram
40:28 Siege Ram
43:54 Onager
45:37 Ballistics
49:22 Siege Engineers
52:18 Chemistry
59:37 Hoardings
59:23 Conscription
61:43 Masonry
Marthyn
9:53 Loom
12:16 Feudal Age
13:48 Town Watch
14:30 Fletching
14:52 Double-Bit Axe
22:24 Castle Age
21:02 Horse Collar
23:00 Bodkin Arrow
25:11 Masonry
25:34 Ballistics
27:47 Bow Saw
27:58 Murder Holes
35:07 Wheelbarrow
35:42 Eupseong
35:52 Gold Mining
41:36 Imperial Age
39:40 Scale Mail Armor
40:27 Forging
41:06 Squires
41:35 Hand Cart
43:05 Bracer
44:30 Chemistry
43:10 Pikeman
44:08 Halberdier
45:26 Conscription
45:17 Arrowslits
47:49 Siege Engineers
48:36 Chain Mail Armor
48:39 Fortified Wall
48:48 Elite Fire Lancer
52:34 Plate Mail Armor
54:22 Gold Shaft Mining
61:45 Heavy Rocket Cart
67:50 Shinkichon
Joseph90
3:58 Loom
13:26 Feudal Age
18:37 Castle Age
19:46 Forging
24:26 Scale Barding Armor
30:00 Fletching
62:45 Wheelbarrow
64:13 Coinage
64:07 Bodkin Arrow
Connection lost

Rejoining the realm…

Still unreachable

The connection could not be restored.

Session expired

The server has moved on; the page needs a fresh start.